 Dungeon Crawl Stone Soup version 0.29.1-15-g9cfb28693d (webtiles) character file.

Game seed: 9874705241173864715

7 alllll the Chopper (level 2, -4/29 HPs)
             Began as a Gnoll Cinder Acolyte on Mar 12, 2023.
             Was a High Priest of Ignis.
             Slain by a kobold
             ... wielding a +1 whip of distortion
              (5 damage)
             ... on level 1 of the Dungeon.
             The game lasted 00:00:57 (301 turns).

alllll the Chopper (Gnoll Cinder Acolyte)            Turns: 301, Time: 00:00:58

Health: -4/29      AC:  9    Str: 13    XL:     2   Next: 0%
Magic:  5/5        EV: 11    Int: 13    God:    Ignis [*****.]
Gold:   0          SH:  0    Dex:  7    Spells: 6/6 levels left

rFire   + . .      SeeInvis .   a - -1 hand axe (flame)
rCold   . . .      Faith    .   (no shield)
rNeg    . . .      Spirit   .   b - +0 robe
rPois   .          Reflect  .   (no helmet)
rElec   .          Harm     .   (no cloak)
rCorr   .          Rampage  .   (no gloves)
Will    .....                   (no boots)
Stlth   +.........              (no amulet)
HPRegen 0.09/turn               (no ring)
MPRegen 0.09/turn               (no ring)

@: fiery-armoured
A: fangs 1, strong nose, distributed training
a: Renounce Religion, Fiery Armour, Foxfire Swarm, Rising Flame


You were on level 1 of the Dungeon.
You worshipped Ignis.
Ignis was extremely pleased with you.
You visited 1 branch of the dungeon, and saw 1 of its levels.

Inventory:

Hand Weapons
 a - a -1 hand axe of flaming (weapon)
Armour
 b - a +0 robe (worn)


   Skills:
 + Level 6.4 Fighting
 + Level 0.2 Short Blades
 + Level 0.2 Long Blades
 + Level 6.4 Axes
 + Level 0.2 Maces & Flails
 + Level 0.2 Polearms
 + Level 0.2 Staves
 + Level 0.2 Ranged Weapons
 + Level 0.2 Throwing
 + Level 0.2 Armour
 + Level 0.2 Dodging
 + Level 0.2 Stealth
 + Level 0.2 Shields
 + Level 0.2 Unarmed Combat
 + Level 2.6 Spellcasting
 + Level 0.1 Conjurations
 + Level 0.1 Hexes
 + Level 0.1 Summonings
 + Level 0.1 Necromancy
 + Level 0.1 Translocations
 + Level 0.1 Transmutations
 + Level 5.3 Fire Magic
 + Level 0.1 Ice Magic
 + Level 0.1 Air Magic
 + Level 0.1 Earth Magic
 + Level 0.1 Poison Magic
 + Level 0.3 Invocations
 + Level 0.2 Evocations


You had 6 spell levels left.
You didn't know any spells.
Your spell library contained the following spells:

 Spells                   Type           Power      Damage    Failure   Level
 Scorch                   Fire           30%        2d6       4%          2


Dungeon Overview and Level Annotations

Branches:
Dungeon (1/15)

Altars:


Innate Abilities, Weirdness & Mutations

You have very sharp teeth.
Your uncanny sense of smell can sniff out nearby items.
Your experience applies equally to all skills.


Message History

The bat completely misses you. The bat barely misses you.
The bat hits you but does no damage. The bat hits you.
* * * LOW HITPOINT WARNING * * *
The endoplasm attacks as you move away! The endoplasm hits you.
* * * LOW HITPOINT WARNING * * *
The bat hits you but does no damage.
You see here a rat corpse.
The endoplasm attacks as you move away! The endoplasm barely misses you.
The bat barely misses you. The bat hits you.
* * * LOW HITPOINT WARNING * * *
The bat attacks as you move away! The bat closely misses you. x2
The bat misses you. The bat barely misses you.
You aren't carrying any scrolls.
What are your orders? t - Bark!
Orders for allies: a - Attack new target. r - Retreat! s - Stop attacking. g - Guard the area. f - Follow me.
Anything else - Cancel.
Guard this area!
The bat hits you.
* * * LOW HITPOINT WARNING * * *
The endoplasm hits you.
* * * LOW HITPOINT WARNING * * *
You don't know any spells.
A protective cloak of flame settles atop you.
The bat closely misses you. The endoplasm hits you.
* * * LOW HITPOINT WARNING * * *
The endoplasm is burned by your cloak of flames.
You kill the endoplasm!
You have reached level 2!
Unknown command.
The bat closely misses you. The bat hits you but does no damage.
The bat is burned by your cloak of flames.
You kill the bat!
The kobold hits you but does no damage. Space warps around you.
You die...

#...# ∆#...# ##.<.##
##.....##.# #...........
##..>.8..##.# ##...........
∆##.........##.##.∩..∩.....∩.
##.....#.....##.#............
##.....###...†.##.............
##.....##
##..@..##.∩.....∩..∩.
##.....## ##..K..#............
#.....## ##....†............
#....##. ##...##∩..........
#...##.# ##..##...........
#.###..# ....##........... #.#
..# ##...##...∩..8.... ##.##.#
##..###.......... ...)..# #..#
#?#...#####


You could see a kobold.

Vanquished Creatures
  2 endoplasms (D:1)
  A goblin (D:1)
  A quokka (D:1)
  A bat (D:1)
  2 rats (D:1)
7 creatures vanquished.

Notes
Turn   | Place    | Note
-------+----------+-------------------------------------------
     0 | D:1      | alllll the Gnoll Cinder Acolyte began the quest for the
                  | Orb.
     0 | D:1      | Reached XP level 1. HP: 23/23 MP: 4/4
   270 | D:1      | Found a faded altar of an unknown god.
   298 | D:1      | HP: 1/23 [endoplasm (2)]
   300 | D:1      | Reached XP level 2. HP: 1/29 MP: 5/5
   301 | D:1      | Slain by a kobold

Illustrated notes

Levels and vault maps discovered:
D:1:      psy_arrival_spokes, layout_loops_ring,
          hellmonk_ecumenical_altar_arch_garden, serial_park_tiny_1,
          amethyst_killhole, hangedman_decor_push

Action                   || total
-------------------------++-------
Melee: Hand axe          ||    18
       Bite              ||     2
Invok: Fiery Armour      ||     1
Armor: Robe              ||    13
Dodge: Dodged            ||    38
